 Dungeon Crawl Stone Soup version 0.24-a0-584-g9d6b971 (webtiles) character file.

Game seed: 5160618638665784931, levelgen mode: deterministic

209435 Spazmo the Scorcher (level 18, -12/103 HPs)
             Began as a Deep Elf Fire Elementalist on Aug 28, 2019.
             Was the Champion of Vehumet.
             Mangled by a wolf spider (17 damage)
             ... on level 4 of the Spider Nest on Aug 29, 2019.
             The game lasted 02:08:34 (31712 turns).

Spazmo the Scorcher (Deep Elf Fire Elementalist)   Turns: 31712, Time: 02:08:34

Health: -12/103    AC: 12    Str:  5    XL:     18   Next: 15%
Magic:  0/59       EV: 20    Int: 32    God:    Vehumet [******]
Gold:   2759       SH:  7    Dex: 15    Spells: 9/52 levels left

rFire    . . .     SeeInvis .   X - staff of poison
rCold    . . .     Gourm    .   W - +2 buckler
rNeg     . . .     Faith    .   V - +2 robe {Archmagi}
rPois    +         Spirit   .   g - +2 hat {Int+3}
rElec    .         Reflect  .   F - +0 cloak
rCorr    .         Harm     .   w - +0 pair of gloves "Ublofumo" {MR+ MP+9}
MR       ++...                  s - +0 pair of boots
Stlth    ++........             u - amulet of magic regeneration
HPRegen  0.27/turn              E - +3 ring of protection
MPRegen  0.61/turn              R - ring of magical power

@: no status effects
A: no striking features
}: 1/15 runes: decaying
a: Renounce Religion


You were on level 4 of the Spider Nest.
You worshipped Vehumet.
Vehumet was exalted by your worship.
You were not hungry.

You visited 5 branches of the dungeon, and saw 31 of its levels.

You collected 3052 gold pieces.
You spent 293 gold pieces at shops.

Inventory:

Hand Weapons
 v - the +9 trident "Ogreslayer" {pierce, rElec rF+ rN+ MR++}
   (You found it on level 3 of the Lair of Beasts)

   It inflicts extra damage upon your enemies.
   It protects you from fire.
   It insulates you from electricity.
   It protects you from negative energy.
   It affects your resistance to hostile enchantments.
Missiles
 h - 937 stones (quivered)
Armour
 g - a +2 hat of intelligence (worn)
 s - a +0 pair of boots (worn)
 w - the +0 pair of gloves "Ublofumo" (worn) {MR+ MP+9}
   (You found it on level 3 of the Lair of Beasts)

   It affects your resistance to hostile enchantments.
   It affects your magic capacity (+9).
 D - a +1 robe of positive energy
 F - a +0 cloak (worn)
 P - a +2 robe of magic resistance
 V - a +2 robe of the Archmagi (worn)
 W - a +2 buckler (worn)
Magical Staves
 f - an uncursed staff of conjuration
 X - an uncursed staff of poison (weapon)
Jewellery
 r - an uncursed ring of positive energy
 t - an uncursed ring of protection from fire
 u - an amulet of magic regeneration (around neck)
 x - an uncursed ring of protection from fire
 z - an uncursed ring of flight
 C - an uncursed ring of positive energy
 E - a +3 ring of protection (left hand)
 L - an uncursed ring of protection from cold
 R - a ring of magical power (right hand)
 S - an uncursed ring of fire
 T - an uncursed ring of wizardry
 Z - an uncursed ring of protection from magic
Wands
 o - a wand of disintegration (19)
 y - a wand of iceblast (14)
 I - a wand of digging (1)
 O - a wand of scattershot (6)
Scrolls
 b - 12 scrolls of amnesia
 k - 12 scrolls of teleportation
 l - 9 scrolls of remove curse
 A - 2 scrolls of fog
 B - 2 scrolls of magic mapping
 H - 7 scrolls of identify
 N - 5 scrolls of enchant armour
 U - 2 scrolls of fear
Potions
 d - 3 potions of brilliance
 e - 3 potions of haste
 i - 12 potions of curing
 j - 3 potions of ambrosia
 m - 5 potions of heal wounds
 n - a potion of magic
 p - 5 potions of flight
 q - 2 potions of agility
 J - 3 potions of invisibility
 K - a potion of cancellation
 M - 2 potions of resistance
 Q - 3 potions of mutation
Miscellaneous
 Y - a crystal ball of energy
Comestibles
 a - 2 chunks of flesh
 c - 39 rations


   Skills:
 - Level 8.0 Fighting
 - Level 12.0 Dodging
 - Level 2.4 Stealth
 - Level 4.0 Shields
 - Level 17.5 Spellcasting
 + Level 19.0 Conjurations
 + Level 19.1 Fire Magic
 - Level 8.1 Earth Magic


You had 9 spell levels left.
You knew the following spells:

 Your Spells              Type           Power        Failure   Level  Hunger
a - Flame Tongue          Conj/Fire      #####        0%          1    None
b - Throw Flame           Conj/Fire      ######       0%          2    None
c - Conjure Flame         Conj/Fire      ########     0%          3    None
d - Sticky Flame          Conj/Fire      ########     0%          4    None
e - Fireball              Conj/Fire      ########..   0%          5    None
f - Sandblast             Erth           ######       1%          1    None
g - Blink                 Tloc           N/A          2%          2    None
h - Bolt of Magma         Conj/Fire/Erth ########..   1%          5    None
i - Iron Shot             Conj/Erth      ########..   1%          6    None
j - Bolt of Fire          Conj/Fire      ########..   1%          6    None
k - Ignition              Fire           ########..   1%          8    #####..

Your spell library contained the following spells:

 Spells                   Type           Power        Failure   Level  Hunger
 Lehudib's Crystal Spear  Conj/Erth      ########..   10%         8    #####..
 Tornado                  Air            #####.....   100%        9    #######
 Magic Dart               Conj           ####         0%          1    None
 Apportation              Tloc           #####.       1%          1    None
 Beastly Appendage        Tmut           #####.       1%          1    None
 Confusing Touch          Hex            #####.       1%          1    None
 Corona                   Hex            #####..      1%          1    None
 Summon Butterflies       Summ           #####...     1%          1    None
 Passwall                 Tmut/Erth      ######..     1%          2    None
 Ignite Poison            Fire/Tmut/Pois ########     1%          3    None
 Inner Flame              Hex/Fire       #######.     1%          3    None
 Mephitic Cloud           Conj/Pois/Air  ########     1%          3    None
 Iskenderun's Battlesphe  Conj/Chrm      #######.     1%          5    None
 Venom Bolt               Conj/Pois      ########..   1%          5    None
 Orb of Destruction       Conj           ########..   1%          7    ####...
 Call Imp                 Summ           #####...     2%          2    None
 Slow                     Hex            #####...     2%          2    None
 Sticks to Snakes         Tmut           #####...     2%          2    None
 Leda's Liquefaction      Hex/Erth       ######....   2%          4    None
 Petrify                  Tmut/Erth      ######..     2%          4    None
 Confuse                  Hex            #####...     4%          3    None
 Gell's Gravitas          Tloc           #####.....   4%          3    None
 Lesser Beckoning         Tloc           #####.....   4%          3    None
 Portal Projectile        Hex/Tloc       #####.       4%          3    None
 Recall                   Summ/Tloc      N/A          4%          3    None
 Spider Form              Tmut/Pois      ######....   4%          3    None
 Tukima's Dance           Hex            #####...     4%          3    None
 Spellforged Servitor     Conj/Summ      #######...   7%          7    ####...
 Borgnjor's Vile Clutch   Necr/Erth      ######....   8%          5    None
 Yara's Violent Unravell  Hex/Tmut       #####.....   11%         5    None
 Animate Dead             Necr           N/A          14%         4    None
 Cause Fear               Hex            #####.....   14%         4    None
 Ice Form                 Ice/Tmut       #####...     14%         4    None
 Alistair's Intoxication  Tmut/Pois      ######..     36%         5    None
 Blade Hands              Tmut           #####.....   36%         5    None
 Metabolic Englaciation   Hex/Ice        #####.....   36%         5    None
 Silence                  Hex/Air        #####.....   36%         5    None
 Statue Form              Tmut/Erth      ######...    38%         6    None
 Death Channel            Necr           #####.....   91%         6    None
 Deflect Missiles         Chrm/Air       #####.....   91%         6    None
 Invisibility             Hex            #####...     91%         6    None
 Simulacrum               Ice/Necr       #####.....   91%         6    None
 Discord                  Hex            #####.....   100%        8    #####..


Dungeon Overview and Level Annotations

Branches:
Dungeon (15/15)            Temple (0/1) D:5            Lair (6/6) D:10
  Swamp (4/4) Lair:4       Spider (4/4) Lair:3        Slime (0/5) Lair:6
    Orc (2/2) D:10            Elf (0/3) Orc:2        Vaults (0/5) D:14
 Depths (0/5) D:15

Altars:
Elyvilon
Ru
Uskayaw
Vehumet
Xom
Yredelemnul

Shops:
D:8 !   Orc:2 ?[?(

Portals:
Trove: D:13 (give horn of Geryon)

Annotations:
D:3 2 transporters, yuri's ghost, amateur BaSu
D:4 2 runed translucent doors, ChiliFlavouring's ghost, amateur DsGl
D:5 3 runed translucent doors, Despondentz's ghost, amateur DrBe; NeededCrab's ghost, novice HOMo; Nithhogg's ghost, novice HOFi; Vilemaster47's ghost, novice OgAs; bonscott's ghost, novice TeHu
Lair:5 exclusion: orange crystal statue
Lair:6 3 runed translucent doors, DrEnzyme's ghost, journeyman DgWn; Para's ghost, journeyman MiBe


Message History

Confirm with . or Enter, or press ? or * to list all spells.
Aiming: Bolt of Magma (safe; 1% risk of failure)
Press: ? - help, Shift-Dir - straight line, f/p - spark wasp
Aim: a spark wasp (almost dead)
You feel a surge of power!
The bolt of magma misses the spark wasp.
You feel you are being watched by something.
You feel your power leaking away.
You hit the spark wasp but do no damage.
The spark wasp is almost dead.
A redback comes into view.
The spark wasp stings you!! The spark wasp shocks you!
You feel you are being watched by something.
You feel your power leaking away. The spark wasp stings you!
* * * LOW HITPOINT WARNING * * *
The spark wasp shocks you!
* * * LOW HITPOINT WARNING * * *
The wolf spider hits you!
You die...

#...†..#..^..^#^......#
#≈..†..#.....^#........#
#......#^^....#^...^..^#
#......#.^.^^.#....#####
####...#..^..^#..###
##..#...^.^#≈##
##.#^.....## ####^...y##
#.#.#@^# #^...s.##
#≈...s≈^# #^......#
#^......^# #≈^......#
##≈...s..# #^...≈.##
#≈....##


You could see a spark wasp, a wolf spider and 2 redbacks.

Vanquished Creatures
  Arachne (Spider:2)
  Jorgrun (Swamp:2)
  4 thorn hunters
  Roxanne (D:14)
  Frances (D:13)
  Donald (Swamp:2)
  An emperor scorpion (Spider:4)
  3 ghost moths
  5 entropy weavers
  A very ugly thing (D:13)
  A stone giant (Orc:1)
  Azrael (D:14)
  A spark wasp (Spider:4)
  2 fire dragons
  Josephine (Lair:6)
  A great orb of eyes (D:13)
  Harold (D:11)
  3 catoblepae
  2 ghost crabs
  3 centaur warriors (D:14)
  14 hydras
  A shambling mangrove (Swamp:3)
  Erica (D:8)
  A two-headed ogre (D:10)
  8 death yaks
  A vampire mage (D:15)
  14 alligators
  3 orc high priests (Orc:2)
  A tengu warrior (D:13)
  A spriggan berserker (Swamp:4)
  5 spriggans
  A skeletal warrior (D:15)
  A spriggan druid (Swamp:3)
  2 unseen horrors
  16 swamp dragons
  A wizard (D:14)
  2 necromancers
  30 orb spiders
  9 orc knights
  26 wolf spiders
  5 slime creatures (Swamp:4)
  3 deep elf magi
  5 orc sorcerers
  A tengu skeleton (D:15)
  4 cyclopes
  18 ugly things
  2 manticores
  A stone giant skeleton (D:15)
  5 moths of wrath
  4 black mambas
  3 elephants (Lair:5)
  Psyche (D:11)
  3 centaur zombies
  Maurice (D:8)
  A kobold demonologist (D:13)
  3 rime drakes (Lair:6)
  2 torpor snails
  15 spiny frogs
  13 demonic crawlers
  11 komodo dragons
  4 centaur skeletons
  2 freezing wraiths
  An efreet (D:15)
  42 jumping spiders
  A guardian mummy (D:15)
  A troll (shapeshifter) (D:15)
  27 tyrant leeches
  A polar bear (Lair:4)
  9 hornets
  9 bog bodies
  12 trolls
  A deep troll zombie (D:15)
  3 dream sheep (Lair:4)
  Prince Ribbit (D:8)
  A blink frog (shapeshifter) (D:13)
  12 blink frogs
  11 hippogriffs
  26 tarantellas
  2 wyverns (D:10)
  2 vampires
  78 redbacks
  35 yaks
  5 shadows
  7 wraiths
  7 basilisks
  A fire elemental (D:14)
  5 hungry ghosts
  A steam dragon (Lair:6)
  13 vampire mosquitoes
  5 wargs
  10 insubstantial wisps
  17 swamp worms
  A soldier ant (D:13)
  3 acid dragons
  11 water moccasins
  8 porcupines
  5 hell hounds (D:14)
  An ice beast (D:8)
  29 orc warriors
  3 sky beasts
  24 swamp drakes
  3 black bears
  An eye of draining (D:11)
  A phantom (D:13)
  13 ogres
  14 crocodiles
  11 wolves
  6 centaurs
  7 big kobolds
  17 bullfrogs
  2 gnoll sergeants
  A yaktaur skeleton (D:15)
  4 scorpions
  A water moccasin skeleton (D:7)
  15 killer bees
  3 howler monkeys (D:7)
  2 electric eels
  4 lava snakes (Lair:5)
  10 crimson imps
  2 bullfrog zombies (D:6)
  5 jellies
  5 hounds
  13 orc priests
  A bullfrog skeleton (D:7)
  19 orc wizards
  Jessica (D:2)
  4 iguanas
  11 worker ants
  A killer bee zombie (D:5)
  2 hound zombies
  2 hound skeletons
  2 worker ant zombies
  A howler monkey zombie (D:6)
  18 gnolls
  8 adders
  3 shadow imps
  2 oozes
  2 adder skeletons (D:7)
  8 worms
  2 dart slugs (D:1)
  8 leopard geckos
  78 orcs
  10 bats
  2 giant cockroaches
  12 goblins
  7 hobgoblins
  10 jackals
  4 quokkas
  3 frilled lizards
  A jackal skeleton (D:5)
  A jackal zombie (D:6)
  29 kobolds
  A leopard gecko skeleton (D:5)
  A quokka zombie (D:6)
  3 rats
  2 withered plants (D:15)
1110 creatures vanquished.

Vanquished Creatures (others)
  A hornet (Swamp:4)
  A yak (Lair:4)
  A bush (Lair:6)
  12 fungi (Lair:6)
  18 plants
33 creatures vanquished.

Grand Total: 1143 creatures vanquished

Notes
Turn   | Place    | Note
-------+----------+-------------------------------------------
     0 | D:1      | Spazmo the Deep Elf Fire Elementalist began the quest for
                  | the Orb.
     0 | D:1      | Reached XP level 1. HP: 10/10 MP: 6/6
    89 | D:1      | Reached XP level 2. HP: 15/15 MP: 2/8
    93 | D:1      | Learned a level 2 spell: Throw Flame
   523 | D:1      | Reached XP level 3. HP: 19/19 MP: 7/10
   528 | D:1      | Learned a level 3 spell: Conjure Flame
   918 | D:2      | Noticed Jessica
   922 | D:2      | Killed Jessica
   930 | D:2      | Found a faded altar of an unknown god.
  1042 | D:2      | Reached XP level 4. HP: 24/24 MP: 8/12
  2011 | D:3      | Learned a level 4 spell: Sticky Flame
  2108 | D:3      | Reached XP level 5. HP: 26/28 MP: 10/14
  2201 | D:3      | Reached skill level 5 in Spellcasting
  2336 | D:3      | Found a transporter.
  2336 | D:3      | Found a transporter.
  2349 | D:3      | Noticed yuri's ghost (amateur BaSu)
  2842 | D:4      | Found a hide-covered altar of Uskayaw.
  2843 | D:4      | Found a radiant altar of Vehumet.
  2846 | D:4      | Found a white marble altar of Elyvilon.
  2853 | D:4      | Became a worshipper of Vehumet
  3234 | D:4      | Found a large runed translucent door.
  3235 | D:4      | Found a large runed translucent door.
  3240 | D:4      | Noticed ChiliFlavouring's ghost (amateur DsGl)
  3258 | D:4      | Found a basalt altar of Yredelemnul.
  3435 | D:4      | Reached skill level 5 in Fire Magic
  3438 | D:4      | Reached XP level 6. HP: 32/32 MP: 6/16
  3454 | D:4      | Learned a level 5 spell: Fireball
  3856 | D:5      | Entered Level 5 of the Dungeon
  4027 | D:5      | Reached XP level 7. HP: 36/36 MP: 10/18
  4040 | D:5      | Reached skill level 5 in Conjurations
  4106 | D:5      | Found a staircase to the Ecumenical Temple.
  4106 | D:5      | Found a runed translucent gate.
  4106 | D:5      | Found a runed translucent gate.
  4106 | D:5      | Found a runed translucent gate.
  4106 | D:5      | Noticed Despondentz's ghost (amateur DrBe)
  4109 | D:5      | Noticed bonscott's ghost (novice TeHu)
  4109 | D:5      | Noticed Vilemaster47's ghost (novice OgAs)
  4109 | D:5      | Noticed Nithhogg's ghost (novice HOFi)
  4109 | D:5      | Noticed NeededCrab's ghost (novice HOMo)
  4318 | D:5      | Found a shimmering altar of Xom.
  4377 | D:5      | Reached * piety under Vehumet
  4377 | D:5      | Offered knowledge of Freeze by Vehumet.
  5022 | D:6      | Reached XP level 8. HP: 32/41 MP: 21/21
  5396 | D:6      | Found a sacrificial altar of Ru.
  5698 | D:6      | Reached ** piety under Vehumet
  5819 | D:6      | Offered knowledge of Sandblast by Vehumet.
  5822 | D:6      | Learned a level 1 spell: Sandblast
  6127 | D:7      | Reached skill level 1 in Earth Magic
  6237 | D:7      | Reached XP level 9. HP: 45/45 MP: 21/24
  6292 | D:7      | Learned a level 2 spell: Blink
  6884 | D:8      | Noticed Maurice
  6897 | D:8      | Killed Maurice
  6897 | D:8      | Reached skill level 10 in Spellcasting
  7304 | D:8      | Offered knowledge of Ignite Poison by Vehumet.
  7310 | D:8      | Noticed Erica
  7317 | D:8      | Killed Erica
  7317 | D:8      | Reached XP level 10. HP: 50/50 MP: 13/26
  7325 | D:8      | Noticed Prince Ribbit
  7331 | D:8      | Killed Prince Ribbit
  7374 | D:8      | Identified the cursed +0 whip of the Vaults {slash, rF-
                  | rC++ Str+10}
  7576 | D:8      | Found Ocku Keo's Distillery.
  7910 | D:8      | Reached skill level 5 in Earth Magic
  8276 | D:9      | Reached *** piety under Vehumet
  8391 | D:9      | Reached skill level 10 in Fire Magic
  8395 | D:9      | Offered knowledge of Throw Icicle by Vehumet.
  8871 | D:10     | Entered Level 10 of the Dungeon
  9008 | D:10     | Found a staircase to the Orcish Mines.
  9055 | D:10     | Reached **** piety under Vehumet
  9266 | D:10     | Offered knowledge of Lee's Rapid Deconstruction by Vehumet.
  9299 | D:10     | Reached skill level 10 in Conjurations
  9329 | D:10     | Reached XP level 11. HP: 54/54 MP: 25/29
  9668 | D:10     | Found a staircase to the Lair.
  9825 | D:10     | Reached skill level 1 in Fighting
  9825 | D:10     | Reached skill level 1 in Shields
  9828 | D:10     | Reached ***** piety under Vehumet
  9966 | Lair:1   | Entered Level 1 of the Lair of Beasts
 10013 | Lair:1   | Offered knowledge of Airstrike by Vehumet.
 10059 | Lair:1   | You fall into a shaft and drop 1 floor!
 10699 | Lair:2   | Reached skill level 5 in Dodging
 10846 | Lair:2   | Noticed a five-headed hydra
 10858 | Lair:2   | Killed a five-headed hydra
 11555 | Lair:3   | Got a pair of dazzling gloves
 11556 | Lair:3   | Identified the cursed +0 pair of gloves "Ublofumo" {MR+
                  | MP+9} (You found it on level 3 of the Lair of Beasts)
 11599 | Lair:3   | Found a dark tunnel.
 11663 | Lair:3   | Found a hole to the Spider Nest.
 11951 | Lair:3   | Got a pitted trident
 12300 | Lair:4   | Found a staircase to the Swamp.
 12318 | Lair:4   | Reached XP level 12. HP: 57/67 MP: 30/30
 12551 | Lair:4   | Reached skill level 5 in Fighting
 12628 | Lair:4   | Noticed a catoblepas
 12649 | Lair:4   | Killed a catoblepas
 12699 | Lair:4   | Noticed a catoblepas
 12718 | Lair:4   | Killed a catoblepas
 12839 | Lair:4   | Noticed a death yak
 12839 | Lair:4   | Noticed a death yak
 12840 | Lair:4   | Noticed a death yak
 12846 | Lair:4   | Noticed a death yak
 12881 | Lair:4   | Killed a death yak
 12897 | Lair:4   | Killed a death yak
 12897 | Lair:4   | Reached skill level 10 in Dodging
 12897 | Lair:4   | Killed a death yak
 12898 | Lair:4   | Killed a death yak
 13295 | Lair:5   | Identified the +9 trident "Ogreslayer" {pierce, rElec rF+
                  | rN+ MR++} (You found it on level 3 of the Lair of Beasts)
 13543 | Lair:5   | Offered knowledge of Orb of Destruction by Vehumet.
 13638 | Lair:5   | Reached XP level 13. HP: 68/78 MP: 26/31
 13870 | Lair:5   | Learned a level 5 spell: Bolt of Magma
 13877 | Lair:5   | Learned a level 6 spell: Iron Shot
 14194 | Lair:6   | Entered Level 6 of the Lair of Beasts
 14886 | Lair:6   | Noticed Josephine
 14957 | Lair:6   | Killed Josephine
 15090 | Lair:6   | Found a runed translucent gate.
 15091 | Lair:6   | Found a runed translucent gate.
 15091 | Lair:6   | Found a runed translucent gate.
 15111 | Lair:6   | Noticed DrEnzyme's ghost (journeyman DgWn)
 15111 | Lair:6   | Noticed Para's ghost (journeyman MiBe)
 15394 | Lair:6   | Offered knowledge of Irradiate by Vehumet.
 15501 | Lair:6   | Noticed a fire dragon
 15507 | Lair:6   | Killed a fire dragon
 16017 | Lair:6   | Found a staircase to the Slime Pits.
 16454 | D:11     | Noticed Psyche
 16459 | D:11     | Killed Psyche
 16465 | D:10     | Reached XP level 14. HP: 84/84 MP: 19/33
 16904 | D:11     | Noticed Harold
 16989 | Orc:1    | Entered Level 1 of the Orcish Mines
 17656 | Orc:2    | Entered Level 2 of the Orcish Mines
 18124 | Orc:2    | Offered knowledge of Bolt of Cold by Vehumet.
 18459 | Orc:2    | Found Hostaeff's Weapon Shop.
 18459 | Orc:2    | Found Heatajimp's Magic Scroll Emporium.
 18463 | Orc:2    | Found Okhiely's Antique Armour Emporium.
 18463 | Orc:2    | Found Itesoac's Magic Scroll Shop.
 18475 | Orc:2    | Bought 3 scrolls of identify for 84 gold pieces
 18705 | Orc:2    | Found a staircase to the Elven Halls.
 18808 | Orc:1    | Noticed a stone giant
 18814 | Orc:1    | Killed a stone giant
 19046 | D:11     | Killed Harold
 19046 | D:11     | Reached skill level 15 in Spellcasting
 20090 | D:13     | Noticed Frances
 20093 | D:13     | Killed Frances
 20093 | D:13     | Offered knowledge of Poison Arrow by Vehumet.
 20323 | D:13     | Noticed a purple very ugly thing
 20332 | D:13     | Killed a cyan very ugly thing
 20337 | D:13     | Identified the +5 bardiche of Gallantry {chop, Int+3}
 20337 | D:13     | Identified the amulet of Usho {Acrobat MR+}
 20402 | D:13     | Reached XP level 15. HP: 83/88 MP: 36/36
 20826 | D:13     | Found a portal to a secret trove of treasure.
 20994 | D:14     | Noticed Azrael
 21003 | D:14     | Killed Azrael
 21354 | D:14     | Found a gate to the Vaults.
 21492 | D:14     | Identified Roxanne's Incunabulum of Transmigration
 21492 | D:14     | Noticed Roxanne
 21500 | D:14     | Killed Roxanne
 21806 | D:15     | Entered Level 15 of the Dungeon
 22127 | D:15     | Found a staircase to the Depths.
 23277 | Swamp:1  | Entered Level 1 of the Swamp
 23621 | Swamp:1  | Found a shimmering altar of Xom.
 23647 | Swamp:1  | Reached ****** piety under Vehumet
 23790 | Swamp:1  | Reached skill level 15 in Fire Magic
 24297 | Swamp:2  | Offered knowledge of Ozocubu's Refrigeration by Vehumet.
 24300 | Swamp:2  | Noticed Jorgrun
 24305 | Swamp:2  | Killed Jorgrun
 24305 | Swamp:2  | Reached XP level 16. HP: 93/93 MP: 35/39
 24443 | Swamp:2  | Reached skill level 15 in Conjurations
 24703 | Swamp:2  | Noticed Donald
 24704 | Swamp:2  | Noticed a thorn hunter
 24706 | Swamp:2  | Killed Donald
 24706 | Swamp:2  | Killed a thorn hunter
 25820 | Swamp:4  | Entered Level 4 of the Swamp
 26528 | Swamp:4  | Noticed a thorn hunter
 26529 | Swamp:4  | Killed a thorn hunter
 26791 | Swamp:4  | Offered knowledge of Bolt of Fire by Vehumet.
 26799 | Swamp:4  | Learned a level 6 spell: Bolt of Fire
 26831 | Swamp:4  | Noticed a thorn hunter
 26834 | Swamp:4  | Killed a thorn hunter
 27062 | Swamp:4  | Noticed a thorn hunter
 27063 | Swamp:4  | Killed a thorn hunter
 27292 | Swamp:4  | Got a decaying rune of Zot
 27627 | Spider:1 | Entered Level 1 of the Spider Nest
 27744 | Spider:1 | Reached XP level 17. HP: 89/97 MP: 23/40
 28271 | Orc:2    | Bought a pair of heavily runed gloves for 209 gold pieces
 28272 | Orc:2    | Identified the +1 pair of gloves "Omiahan" {Str+5} (You
                  | bought it in a shop on level 2 of the Orcish Mines)
 29105 | Spider:2 | Offered knowledge of Lehudib's Crystal Spear by Vehumet.
 29105 | Spider:2 | Offered knowledge of Tornado by Vehumet.
 29105 | Spider:2 | Offered knowledge of Ignition by Vehumet.
 29178 | Spider:1 | Learned a level 8 spell: Ignition
 29347 | Spider:2 | Noticed Arachne
 29352 | Spider:2 | Killed Arachne
 30869 | Spider:4 | Entered Level 4 of the Spider Nest
 31198 | Spider:4 | Reached XP level 18. HP: 103/103 MP: 32/41
 31712 | Spider:4 | HP: 5/103 [spark wasp (17)]
 31712 | Spider:4 | Mangled by a wolf spider

Levels and vault maps discovered:
D:1:      dpeg_arrival_long_road, layout_basic, minmay_misc_feat_alley
D:2:      layout_basic, chequers_ecumenical_altar_island, first_ration,
          minmay_three_crescents, uniq_jessica
D:3:      layout_basic, gammafunk_ghost_gnarly_gnolls
D:4:      cheibrodos_quashed, layout_gridville, yredelemnul_altar_generic,
          grunt_temple_overflow_open, ebering_ghost_disaster_area
D:5:      layout_layer_cave, kennysheep_mini_moat, temple_fountains,
          gammafunk_ghost_cemetery, grunt_decor_cap, minmay_misc_feat_chi
D:6:      layout_basic, nicolae_ru_great_annihilating_truth
D:7:      layout_basic, grunt_ogre_cave
D:8:      layout_basic, serial_shops, shop, minmay_statues_item,
          chequers_serial_rivers_small_b, chequers_serial_rivers_micro_c,
          grunt_decor_one_mirror, uniq_erica, uniq_prince_ribbit1, uniq_maurice
D:9:      layout_basic
D:10:     layout_long_grid, lair_entry_dummy,
          kennysheep_orc_monster_closet_entryway
D:11:     layout_big_octagon, uniq_harold, uniq_psyche
D:12:     layout_cave_pools
D:13:     minmay_the_grid_plus_closed [minmay_the_grid_all_tris,
          minmay_the_grid_x, minmay_the_grid_minigrid_medium,
          minmay_the_grid_spikes, minmay_the_grid_prize_shrinking_boxes],
          layout_loops_corners, enter_trove_6, uniq_frances
D:14:     layout_loops_ring, david_vaults_1, minivault_27,
          hangedman_abyss_or_decor_slice, bh_chokoban, uniq_azrael, uniq_roxanne
D:15:     gammafunk_depths_entry_grave, layout_loops_corners,
          minmay_misc_feat_doors
Lair:1:   layout_loops_ring
Lair:2:   layout_concentric_octagons, gauntlet_entry_generic
Lair:3:   layout_small_grid, spider_nest_entry_webs, enter_volcano_1
Lair:4:   beast_lair_carwin_large_4, layout_regular_city, swamp_mist_pool,
          lemuel_fruit_tree, serial_bayou_shore_a
Lair:5:   layout_regular_city, disabler_island, grunt_megastairs_1
Lair:6:   guppyfry_lair_end_dragon, layout_regular_city,
          dpeg_slime_entry_corner, gammafunk_ghost_cemetery, minivault_19,
          worms_lemuel, infiniplex_staircase_pool, uniq_josephine
Swamp:1:  layout_falls_marsh, evilmike_swamp_ruin_house_6, swamp_pool1,
          nicolae_swamp_godswood, st_swamp_ruins_2
Swamp:2:  layout_basic_swamp, infiniplex_staircase_pool_2, uniq_jorgrun,
          uniq_donald
Swamp:3:  layout_basic_swamp, evilmike_swamp_ruin_house_1
Swamp:4:  swamp_basic_johnstein, layout_basic_swamp, swamp_pool3, ldierk_geyser
Spider:1: layout_spider_delve
Spider:2: layout_spider_delve, nicolae_spider_nook, uniq_arachne
Spider:3: layout_spider_delve
Spider:4: grunt_spider_rune_parallel, nicolae_spider_stair_cavern
Orc:1:    layout_diamond_mine
Orc:2:    grunt_orc_tribal_feast, layout_diamond_mine

Skill      XL: |  1  2  3  4  5  6  7  8  9 10 11 12 13 14 15 16 17 18 |
---------------+-------------------------------------------------------+-----
Conjurations   | 2 3 4 5 7 8 10 11 13 14 16 18 19 | 19.0
Spellcasting   | 4 5 6 7 9 10 12 13 15 17 | 17.5
Fire Magic     | 4 5 6 8 9 10 12 13 15 17 18 19 | 19.1
Earth Magic    | 1 4 6 8 |  8.1
Dodging        | 7 11 12 | 12.0
Fighting       | 4 7 8 |  8.0
Shields        | 4 |  4.0
Stealth        | |  2.4

Action                   |  1- 3 |  4- 6 |  7- 9 | 10-12 | 13-15 | 16-18 || total
-------------------------+-------+-------+-------+-------+-------+-------++-------
Melee: Whip              |       |     7 |    20 |       |       |       ||    27
       Dagger            |       |     2 |     1 |       |       |       ||     3
       Falchion          |       |       |       |     4 |       |       ||     4
       Staff             |       |       |       |       |     1 |     2 ||     3
Throw: Stone             |       |       |       |     1 |       |       ||     1
 Cast: Flame Tongue      |    45 |   139 |   173 |   374 |   207 |    18 ||   956
       Throw Flame       |       |    12 |    45 |    95 |    74 |    16 ||   242
       Sticky Flame      |       |     1 |    25 |    64 |    38 |     3 ||   131
       Fireball          |       |       |     9 |    29 |    57 |    20 ||   115
       Conjure Flame     |       |       |     1 |     8 |       |       ||     9
       Sandblast         |       |       |       |    80 |    33 |       ||   113
       Blink             |       |       |       |     2 |    17 |     2 ||    21
       Bolt of Magma     |       |       |       |       |   285 |   128 ||   413
       Iron Shot         |       |       |       |       |    71 |    56 ||   127
       Bolt of Fire      |       |       |       |       |       |   224 ||   224
       Ignition          |       |       |       |       |       |     4 ||     4
Evoke: Wand              |       |       |       |    13 |       |       ||    13
  Use: Scroll            |     4 |     6 |     3 |    19 |     8 |     4 ||    44
       Potion            |       |     2 |     1 |     3 |     3 |     2 ||    11
  Eat: Chunk             |       |     9 |    10 |    14 |    33 |    11 ||    77
       Ration            |       |       |     1 |     2 |     4 |     4 ||    11
Armor: Robe              |     4 |    14 |    17 |    27 |    27 |    21 ||   110
Dodge: Dodged            |    14 |    46 |    42 |    81 |   128 |    63 ||   374
Block: Buckler           |       |       |       |    24 |    51 |    25 ||   100

Table legend:
 A = Non-vault XP
 B = Vault XP
 C = Vault XP percentage of total XP
 D = Non-vault monster count
 E = Vault monster count
 F = Vault count percentage of total count
                 A         B        C        D         E       F
            +---------+---------+-------+---------+---------+-------
      Total |  205498 |   98090 |  32.3 |     864 |     246 |  22.2
            +---------+---------+-------+---------+---------+-------
        D:1 |      51 |       0 |   0.0 |      24 |       0 |   0.0
        D:2 |      42 |      46 |  52.3 |      14 |       7 |  33.3
        D:3 |     156 |       0 |   0.0 |      31 |       0 |   0.0
        D:4 |     194 |       0 |   0.0 |      19 |       0 |   0.0
        D:5 |     863 |       0 |   0.0 |      20 |       0 |   0.0
        D:6 |    1257 |      18 |   1.4 |      39 |       4 |   9.3
        D:7 |     838 |     116 |  12.2 |      15 |       1 |   6.2
        D:8 |    1129 |    1598 |  58.6 |      17 |       3 |  15.0
        D:9 |    3071 |      95 |   3.0 |      28 |       1 |   3.4
       D:10 |    7306 |    1654 |  18.5 |      84 |      19 |  18.4
       D:11 |    2863 |    1441 |  33.5 |      11 |       2 |  15.4
       D:12 |    5646 |       0 |   0.0 |      29 |       0 |   0.0
       D:13 |    1614 |    9793 |  85.9 |       6 |      16 |  72.7
       D:14 |    7916 |    5739 |  42.0 |      22 |      11 |  33.3
       D:15 |   12533 |    3960 |  24.0 |      36 |       8 |  18.2
     Lair:1 |    2592 |       0 |   0.0 |      12 |       0 |   0.0
     Lair:2 |    2364 |       0 |   0.0 |       7 |       0 |   0.0
     Lair:3 |    2786 |     216 |   7.2 |      16 |       1 |   5.9
     Lair:4 |    4526 |    7212 |  61.4 |      22 |      15 |  40.5
     Lair:5 |   11730 |    1600 |  12.0 |      29 |       9 |  23.7
     Lair:6 |    5663 |   10774 |  65.5 |      19 |      36 |  65.5
    Swamp:1 |   10227 |    4214 |  29.2 |      28 |       7 |  20.0
    Swamp:2 |   12088 |    4401 |  26.7 |      29 |       2 |   6.5
    Swamp:3 |   11973 |       0 |   0.0 |      27 |       0 |   0.0
    Swamp:4 |   14723 |   18240 |  55.3 |      33 |      33 |  50.0
   Spider:1 |   23167 |       0 |   0.0 |      58 |       0 |   0.0
   Spider:2 |   14120 |    7696 |  35.3 |      36 |      12 |  25.0
   Spider:3 |   20474 |       0 |   0.0 |      57 |       0 |   0.0
   Spider:4 |   16103 |   11455 |  41.6 |      40 |      29 |  42.0
      Orc:1 |    5825 |       0 |   0.0 |      36 |       0 |   0.0
      Orc:2 |    1658 |    7822 |  82.5 |      20 |      30 |  60.0
            +---------+---------+-------+---------+---------+-------
